 Dungeon Crawl Stone Soup version 0.19.4 (webtiles) character file.

28 Gargoyl the Skirmisher (level 3, -2/33 HPs)
             Began as a Ghoul Abyssal Knight on Feb 4, 2017.
             Was an Initiate of Lugonu.
             Slain by a worm (7 damage)
             ... on level 2 of the Dungeon.
             The game lasted 00:02:28 (1502 turns).

Gargoyl the Skirmisher (Ghoul Abyssal Knight)       Turns: 1502, Time: 00:02:28

Health: -2/33      AC: 10    Str: 14 (15) XL:     3   Next: 12%
Magic:  3/3        EV:  6    Int:  5 (7)  God:    Lugonu [......]
Gold:   52         SH:  0    Dex:  8 (9)  Spells: 0 memorised, 2 levels left

rFire  . . .     SeeInvis .     a - +1 hand axe
rCold  + . .     Gourm    .     g - +0 chain mail
rNeg   + + +     Faith    .     (no shield)
rPois  ∞         Spirit   .     b - +0 helmet
rElec  .         Reflect  .     d - +0 cloak
rCorr  .         Harm     .     (no gloves)
MR     .....                    (no boots)
Stlth  ..........               (no amulet)
                                (no ring)
                                (no ring)

@: rotting
A: rotting body, claws 1, carnivore 3, cold resistance 1, negative energy
resistance 3, slow regeneration 1, torment resistance, unbreathing
a: Renounce Religion


You were on level 2 of the Dungeon.
You worshipped Lugonu.
Lugonu was noncommittal.
You were not hungry.

You visited 1 branch of the dungeon, and saw 2 of its levels.
You visited the Abyss 1 time.

You collected 52 gold pieces.

Inventory:

Hand Weapons
 a - a +1 hand axe (weapon)
Missiles
 e - 3 tomahawks (quivered)
Armour
 b - a +0 helmet (worn)
 d - a +0 cloak (worn)
 g - a +0 chain mail (worn)
Jewellery
 i - an uncursed amulet of harm {unknown}
Scrolls
 j - a scroll of random uselessness {unknown}
 k - a scroll of identify
Potions
 h - 2 potions of curing
Comestibles
 c - 4 meat rations
 f - a beef jerky
 l - a chunk of flesh


   Skills:
 + Level 3.9 Fighting
 + Level 2.0 Axes
 * Level 2.1 Armour
 + Level 0.8 Dodging
 * Level 2.3 Invocations


You had 2 spell levels left.
You didn't know any spells.

Dungeon Overview and Level Annotations

Branches:
Dungeon (2/15)

Altars:


Innate Abilities, Weirdness & Mutations

Your body is rotting away.
You thrive on raw meat.
You are immune to poison.
You have sharp fingernails.
You are carnivorous and can eat meat at any time.
Your flesh is cold resistant. (rC+)
You are immune to negative energy. (rN+++)
You regenerate slowly when monsters are visible.
You are immune to unholy pain and torment.
You can survive without breathing.


Message History

You kill the jackal!
Lugonu accepts your kill.
You closely miss the bat. The bat barely misses you.
The bat hits you but does no damage. The worm bites you.
* * * LOW HITPOINT WARNING * * *
Your chain mail prevents you from hitting the worm.
The worm is moderately wounded.
The bat hits you but does no damage. The worm bites you.
* * * LOW HITPOINT WARNING * * *
Unknown command.
The bat hits you but does no damage.
You see here a jackal corpse.
You butcher the jackal corpse.
The bat hits you but does no damage.
You see here a chunk of flesh.
l - a chunk of flesh The bat barely misses you.
Eat a chunk of flesh? (ye/n/q)
You start eating the chunk of flesh.
The bat hits you but does no damage. The worm bites you!
You die...

#......#+####+#.....#
#......#..###.#.#####
#.............#.#
#########+#.........#
............#..####.#
............##.##...#
............##.##.#.#
......†.....##..#.#.#
....?..w@...# #.#.#.#
............###...#.#####
.......b.................
..................#.#####
.............###..#.#
........)....# ## #.<
.............# ...#
.............# ...# ...#
....#


You could see a worm and a bat.

Vanquished Creatures
  3 dart slugs
  A leopard gecko (D:1)
  A giant cockroach (D:1)
  A hobgoblin (D:1)
  3 jackals (D:2)
  A kobold (D:1)
  A ball python (D:1)
  A bat (D:1)
  2 frilled lizards (D:1)
  4 goblins (D:1)
  2 rats (D:1)
20 creatures vanquished.

Notes
Turn   | Place    | Note
-------+----------+-------------------------------------------
     0 | Abyss:1  | Gargoyl the Ghoul Abyssal Knight began the quest for the Orb.
     0 | Abyss:1  | Reached XP level 1. HP: 19/19 MP: 1/1
    60 | Abyss:2  | Noticed a ynoxinul
    95 | Abyss:3  | Noticed a glowing orange brain
    96 | Abyss:3  | Noticed a worldbinder
    96 | Abyss:3  | Noticed a large abomination
   100 | Abyss:3  | Noticed a chaos spawn
   102 | Abyss:3  | Noticed a deep elf mage
   102 | D:1      | Escaped the Abyss
   249 | D:1      | Reached XP level 2. HP: 16/26 MP: 2/2
   780 | D:1      | Reached * piety under Lugonu
  1461 | D:2      | Reached XP level 3. HP: 33/33 MP: 3/3
  1502 | D:2      | Slain by a worm

Skill      XL: |  1  2  3 |
---------------+----------+-----
Armour         | 2 |  2.1
Axes           | 2 |  2.0
Fighting       | |  3.9
Dodging        | |  0.8
Invocations    | |  2.3

Action                   || total
-------------------------++-------
Melee: Hand axe          ||    73
Invok: Depart the Abyss  ||     1
  Use: Potion            ||     3
       Scroll            ||     2
  Eat: Chunk             ||     9
Armor: Chain mail        ||    64
Dodge: Dodged            ||    37
